 Dungeon Crawl Stone Soup version 0.22.1-2-g9c5b331 (webtiles) character file.

308 shakethe the Skirmisher (level 6, -3/51 HPs)
             Began as a Demonspawn Gladiator on Nov 19, 2018.
             Slain by a sky beast (5 damage)
             ... on level 5 of the Dungeon.
             The game lasted 00:05:29 (2866 turns).

shakethe the Skirmisher (Demonspawn Gladiator)      Turns: 2866, Time: 00:05:29

Health: -3/51      AC:  3    Str: 14    XL:     6   Next: 17%
Magic:  6/6        EV: 12    Int: 11    God:
Gold:   88         SH:  0    Dex: 15    Spells: 5/5 levels left

rFire    + . .     SeeInvis .   a - +0 war axe
rCold    . . .     Gourm    .   (no shield)
rNeg     . . .     Faith    .   b - +0 leather armour
rPois    .         Spirit   .   (helmet restricted)
rElec    .         Reflect  .   (no cloak)
rCorr    .         Harm     .   (no gloves)
MR       .....                  (no boots)
Stlth    +.........             n - amulet of magic regeneration
HPRegen  0.17/turn              (no ring)
MPRegen  0.35/turn              (no ring)

@: no status effects
A: horns 2, fire resistance 1
a: no special abilities


You were on level 5 of the Dungeon.
You were very hungry.

You visited 1 branch of the dungeon, and saw 5 of its levels.
You also visited: Sewer.

You collected 88 gold pieces.

Inventory:

Hand Weapons
 a - a +0 war axe (weapon)
Armour
 b - a +0 leather armour (worn)
Jewellery
 m - an uncursed amulet of the gourmand
 n - an amulet of magic regeneration (around neck)
Scrolls
 e - 2 scrolls of remove curse {unknown}
 g - 2 scrolls of fear {unknown}
 h - 2 scrolls of teleportation {unknown}
 i - 2 scrolls of magic mapping {unknown}
 q - a scroll of identify {unknown}
Potions
 c - 4 potions of heal wounds {unknown}
 j - a potion of haste {unknown}
 k - 3 potions of curing {unknown}
 l - 3 potions of agility {unknown}
 o - a potion of might {unknown}
 p - 3 potions of flight {unknown}
Comestibles
 f - 3 rations


   Skills:
 * Level 5.4 Fighting
 + Level 4.2 Axes
 - Level 1.7 Throwing
 - Level 2.6 Dodging


You had 5 spell levels left.
You didn't know any spells.
Your spell library was empty.

Dungeon Overview and Level Annotations

Branches:
Dungeon (6/15)
 Temple: D:4-7

Altars:


Innate Abilities, Weirdness & Mutations

You have a pair of horns on your head.
Your flesh is heat resistant. (rF+)


Message History

Deactivating autopickup; reactivate with Ctrl-A.
A sky beast appears from thin air!
Reactivating autopickup.
Something unseen opens the door.
The sky beast flickers out of sight!
Deactivating autopickup; reactivate with Ctrl-A.
There is a stone staircase leading down here.
Something hits you.
* * * LOW HITPOINT WARNING * * *
Something shocks you.
* * * LOW HITPOINT WARNING * * *
You climb downwards.
The bullfrog barely misses you. The bullfrog hits you.
* * * LOW HITPOINT WARNING * * *
There is a stone staircase leading up here.
The bullfrog hits you but does no damage.
The bullfrog misses you. Something barely misses you.
You climb upwards.
There is a stone staircase leading down here.
Something hits you.
You die...

#......................+
#≈
#....####......#.......#
#≈ #....#
#......#.......# #≈
#....# #......#.......#
≈≈ #....#
#......####....# #≈
###### #......####....#
####...##......# .
#...........# # .
###@..##......#.###.
+.≈F..............##
###................
#............#....
###............'....
+..............# ...
##...###.......# ..
#.........#####
#.............


You could see a bullfrog.

Vanquished Creatures
  2 big kobolds (Sewer)
  A crimson imp (D:5)
  A worker ant (D:3)
  A river rat (D:5)
  3 adders
  An ooze (D:2)
  2 worms (D:5)
  A dart slug (D:1)
  An orc (D:3)
  12 bats
  4 giant cockroaches
  6 hobgoblins
  2 jackals (D:3)
  3 ball pythons (Sewer)
  A frilled lizard (D:2)
  4 goblins
  12 kobolds
  7 rats
64 creatures vanquished.

Vanquished Creatures (others)
  A plant (D:1)
1 creature vanquished.

Grand Total: 65 creatures vanquished

Notes
Turn   | Place    | Note
-------+----------+-------------------------------------------
     0 | D:1      | shakethe the Demonspawn Gladiator began the quest for the
                  | Orb.
     0 | D:1      | Reached XP level 1. HP: 16/16 MP: 1/1
   280 | D:1      | Gained mutation: You have a pair of small horns on your
                  | head. [demonic ancestry]
   280 | D:1      | Reached XP level 2. HP: 22/23 MP: 2/2
  1134 | D:2      | Reached skill level 3 in Fighting
  1157 | D:2      | Found a faded altar of an unknown god.
  1301 | D:2      | Reached XP level 3. HP: 29/29 MP: 3/3
  1772 | D:3      | Gained mutation: You have a pair of horns on your head.
                  | [demonic ancestry]
  1772 | D:3      | Reached XP level 4. HP: 11/37 MP: 4/4
  2158 | D:3      | You fall through a shaft for 2 floors!
  2158 | D:5      | Entered Level 5 of the Dungeon
  2176 | D:5      | Reached skill level 4 in Fighting
  2281 | D:5      | Gained mutation: Your flesh is heat resistant. (rF+)
                  | [demonic ancestry]
  2281 | D:5      | Reached XP level 5. HP: 40/43 MP: 5/5
  2289 | D:5      | Found a glowing drain.
  2294 | Sewer    | Entered a sewer
  2457 | Sewer    | Reached skill level 5 in Fighting
  2537 | Sewer    | Reached XP level 6. HP: 28/51 MP: 6/6
  2741 | D:5      | Noticed a sky beast
  2863 | D:6      | HP: 1/51 [bullfrog (4)]
  2866 | D:5      | Slain by a sky beast

Skill      XL: |  1  2  3  4  5 |
---------------+----------------+-----
Axes           | 3 4 |  4.2
Fighting       | 3 4 5 |  5.4
Throwing       | |  1.7
Dodging        | |  2.6

Action                   |  1- 3 |  4- 6 || total
-------------------------+-------+-------++-------
Melee: War axe           |   115 |    93 ||   208
       Headbutt          |     8 |    10 ||    18
Throw: Throwing net      |       |     3 ||     3
 Stab: Sleeping          |     1 |       ||     1
  Eat: Chunk             |     2 |       ||     2
       Ration            |       |     1 ||     1
Armor: Leather armour    |    34 |    44 ||    78
Dodge: Dodged            |    65 |    91 ||   156
